 Dungeon Crawl Stone Soup version 0.23.0 (webtiles) character file.

Game seed: 5398724400170994688

3897 kidcy the Thaumaturge (level 10, -2/59 HPs)
             Began as a Deep Elf Fire Elementalist on Feb 12, 2019.
             Was a Priest of Sif Muna.
             Slain by Harold
             ... wielding a +0 hand axe
              (18 damage)
             ... on level 8 of the Dungeon.
             The game lasted 00:35:40 (11053 turns).

kidcy the Thaumaturge (Deep Elf Fire Elementalist) Turns: 11053, Time: 00:35:41

Health: -2/59      AC:  7    Str:  5    XL:     10   Next: 0%
Magic:  17/35      EV: 12    Int: 24    God:    Sif Muna [***...]
Gold:   412        SH:  0    Dex: 15    Spells: 6/29 levels left

rFire    . . .     SeeInvis +   d - +2 whip (freeze)
rCold    . . .     Gourm    .   (no shield)
rNeg     . . .     Faith    .   u - +0 leather armour of Ecocsuyq {MP+9} (curse)
rPois    .         Spirit   .   o - +0 helmet
rElec    .         Reflect  .   (no cloak)
rCorr    +         Harm     .   p - +1 pair of gloves
MR       +....                  b - +0 pair of boots
Stlth    ++........             v - amulet of magic regeneration
HPRegen  0.19/turn              s - ring of see invisible
MPRegen  0.49/turn              q - ring of resist corrosion

@: marked, very slightly contaminated
A: no striking features
a: Divine Energy, Channel Magic, Renounce Religion


You were on level 8 of the Dungeon.
You worshipped Sif Muna.
Sif Muna was most pleased with you.
You were not hungry.

You visited 1 branch of the dungeon, and saw 8 of its levels.

You collected 412 gold pieces.

Inventory:

Hand Weapons
 d - a +2 whip of freezing (weapon)
Missiles
 f - 222 stones (quivered)
Armour
 b - a +0 pair of boots (worn)
 g - a +2 robe of positive energy
 o - a +0 helmet (worn)
 p - a +1 pair of gloves (worn)
 u - the cursed +0 leather armour of Ecocsuyq (worn) {MP+9}
   (You found it on level 4 of the Dungeon)

   It affects your magic capacity (+9).
   It has a curse placed upon it.
Jewellery
 q - a ring of resist corrosion (right hand)
 s - a ring of see invisible (left hand)
 v - an amulet of magic regeneration (around neck)
Wands
 a - a wand of flame (17)
 m - a wand of iceblast (11)
 w - a wand of random effects (24)
Scrolls
 i - 9 scrolls of remove curse
 k - a scroll of magic mapping
 l - a scroll of enchant weapon
 n - 2 scrolls of enchant armour
 A - 3 scrolls of amnesia
Potions
 r - a potion of might
 z - a potion of magic {unknown}
 C - 2 potions of lignification
Comestibles
 c - 7 rations


   Skills:
 + Level 5.0 Fighting
 * Level 2.9 Dodging
 - Level 2.4 Stealth
 + Level 10.2 Spellcasting
 - Level 6.8 Conjurations
 - Level 3.0 Summonings
 - Level 6.4 Fire Magic
 - Level 6.4 Ice Magic


You had 6 spell levels left.
You knew the following spells:

 Your Spells              Type           Power        Failure   Level  Hunger
a - Flame Tongue          Conj/Fire      #####        1%          1    None
b - Throw Flame           Conj/Fire      #####.       1%          2    None
c - Conjure Flame         Conj/Fire      #####...     1%          3    None
d - Sticky Flame          Conj/Fire      #####...     5%          4    #......
e - Fireball              Conj/Fire      #####.....   16%         5    ####...
f - Throw Icicle          Conj/Ice       #####...     5%          4    #......
s - Summon Ice Beast      Ice/Summ       #####...     12%         4    #......

Your spell library contained the following spells:

 Spells                   Type           Power        Failure   Level  Hunger
 Freeze                   Ice            ####         1%          1    None
 Throw Frost              Conj/Ice       #####.       1%          2    None
 Inner Flame              Hex/Fire       ####....     7%          3    None
 Ozocubu's Armour         Chrm/Ice       ####....     7%          3    None


Dungeon Overview and Level Annotations

Branches:
Dungeon (8/15)
 Temple: D:4-7         Lair: D:8-11

Altars:
Gozag
Makhleb
Qazlal
Sif Muna
Wu Jian
Yredelemnul

Annotations:
D:2 1 runed translucent door, Crazy Yiuf
D:5 Grinder
D:8 Harold


Message History

Confirm with . or Enter, or press ? or * to list all spells.
Aiming: Sticky Flame (safe; 5% risk of failure)
Press: ? - help, Shift-Dir - straight line, f/p - Harold
Aim: Harold, wielding a +0 hand axe and wearing a +0 chain mail (moderately wounded, covered in liquid flames)
The sticky flame hits Harold but does no damage.
Harold is moderately wounded.
Harold is covered in liquid flames!
Harold burns!
Harold points at you and mumbles some strange words.
The mark upon you grows brighter.
Your ice beast hits Harold but does no damage.
Your ice beast barely misses Harold.
Casting: Sticky Flame (safe; 5% risk of failure)
Confirm with . or Enter, or press ? or * to list all spells.
Aiming: Sticky Flame (safe; 5% risk of failure)
Press: ? - help, Shift-Dir - straight line, f/p - Harold
Aim: Harold, wielding a +0 hand axe and wearing a +0 chain mail (moderately wounded, covered in liquid flames)
The sticky flame hits Harold.
Harold is heavily wounded.
Harold burns!
Harold hits you with a +0 hand axe!!
You die...

......###............#
?>.#.##..#.........#..##
.#.#.. ..#........###..##
...#.. #.........####...#
#....##...#....###.....#
.##..#.##.###...##.<#..##
..>........###..##..####
............##.###Y.### .
#.#...........@@....## .
#..........##..Y.[...#
.##.........####.##...##
.........F..##.#.#.....##
........................#
...................(....#
............#..........##
.......................#
................#......#


You could see Harold (burning) and 2 friendly ice beasts.

Vanquished Creatures
  Pikel (D:6)
  Joseph (D:7)
  2 water moccasins
  An orc warrior (D:6)
  2 ice beasts (D:8)
  A slave (D:6)
  A black bear (D:7)
  5 ogres
  2 phantoms (D:4)
  4 bullfrogs
  A gnoll sergeant (D:7)
  3 scorpions
  5 killer bees (D:7)
  3 wights
  A howler monkey (D:4)
  A crimson imp (D:7)
  A centaur zombie (D:8)
  A bullfrog zombie (D:6)
  4 orc priests
  A jelly (D:7)
  A hound (D:8)
  2 centaur skeletons
  8 orc wizards
  Natasha (thrice) (D:2)
  Terence (D:2)
  3 iguanas
  4 worker ants
  A killer bee zombie (D:8)
  A hound skeleton (D:5)
  A worker ant zombie (D:5)
  A gnoll (D:1)
  12 adders
  3 shadow imps
  An ooze (D:7)
  An adder zombie (D:5)
  2 worms
  2 dart slugs
  A leopard gecko (D:7)
  18 orcs
  10 bats
  4 giant cockroaches
  8 hobgoblins
  12 jackals
  A quokka (D:5)
  A ball python (D:6)
  4 frilled lizards
  3 goblins (D:2)
  3 kobolds
  2 leopard gecko skeletons
  A leopard gecko zombie (D:7)
  7 rats
163 creatures vanquished.

Vanquished Creatures (collateral kills)
  A killer bee (D:8)
1 creature vanquished.

Vanquished Creatures (others)
  A slave (D:6)
  An ogre (D:6)
  A centaur zombie (D:6)
  2 orcs (D:6)
5 creatures vanquished.

Grand Total: 169 creatures vanquished

Notes
Turn   | Place    | Note
-------+----------+-------------------------------------------
     0 | D:1      | kidcy the Deep Elf Fire Elementalist began the quest for
                  | the Orb.
     0 | D:1      | Reached XP level 1. HP: 10/10 MP: 6/6
   101 | D:1      | Reached XP level 2. HP: 10/15 MP: 2/8
   897 | D:2      | Found a runed translucent door.
   898 | D:2      | Noticed Crazy Yiuf
  1040 | D:2      | Reached XP level 3. HP: 19/19 MP: 8/10
  1198 | D:2      | Learned a level 2 spell: Throw Flame
  1202 | D:2      | Learned a level 3 spell: Conjure Flame
  1348 | D:2      | Noticed Natasha
  1647 | D:2      | Killed Natasha
  1647 | D:2      | Reached skill level 4 in Spellcasting
  1647 | D:2      | Reached XP level 4. HP: 24/24 MP: 8/12
  1705 | D:2      | Noticed Natasha
  1713 | D:2      | Killed Natasha
  1987 | D:2      | Found a deep blue altar of Sif Muna.
  2101 | D:2      | Became a worshipper of Sif Muna the Loreminder
  2217 | D:2      | HP: 1/24 [poisoned by an adder]
  2500 | D:2      | Noticed Terence
  2520 | D:2      | Killed Terence
  2520 | D:2      | Reached XP level 5. HP: 28/28 MP: 1/13
  2549 | D:2      | Noticed Natasha
  2655 | D:1      | Learned a level 4 spell: Sticky Flame
  2677 | D:2      | Killed Natasha
  3662 | D:4      | Noticed a phantom
  3667 | D:4      | Killed a phantom
  3667 | D:4      | Reached skill level 5 in Spellcasting
  3667 | D:4      | Reached skill level 5 in Fire Magic
  3667 | D:4      | Reached XP level 6. HP: 32/32 MP: 10/15
  3973 | D:4      | Got a slimy leather armour
  3984 | D:4      | Identified the cursed +0 leather armour of Ecocsuyq {MP+9}
                  | (You found it on level 4 of the Dungeon)
  4055 | D:4      | Reached * piety under Sif Muna
  4684 | D:4      | Reached skill level 5 in Conjurations
  4684 | D:4      | Reached XP level 7. HP: 34/36 MP: 14/17
  5452 | D:5      | Entered Level 5 of the Dungeon
  5572 | D:5      | Reached skill level 6 in Spellcasting
  5594 | D:5      | Reached skill level 1 in Fighting
  6185 | D:5      | Noticed Grinder
  6461 | D:5      | Reached XP level 8. HP: 45/45 MP: 20/20
  6743 | D:6      | Noticed Pikel
  6768 | D:6      | Killed Pikel
  6768 | D:6      | Reached ** piety under Sif Muna
  6768 | D:6      | Reached skill level 7 in Spellcasting
  7008 | D:6      | Found an opulent altar of Gozag.
  7451 | D:6      | Reached skill level 8 in Spellcasting
  7468 | D:6      | Learned a level 5 spell: Fireball
  7473 | D:6      | Learned a level 4 spell: Summon Ice Beast
  7479 | D:6      | Learned a level 4 spell: Throw Icicle
  7535 | D:6      | Reached skill level 1 in Ice Magic
  7562 | D:6      | HP: 2/48 [poisoned by a worker ant]
  7569 | D:6      | HP: 1/48 [poisoned by a worker ant]
  7577 | D:6      | HP: 1/48 [poisoned by a worker ant]
  8304 | D:6      | Reached XP level 9. HP: 52/52 MP: 22/23
  8897 | D:7      | Reached *** piety under Sif Muna
  8897 | D:7      | Reached skill level 9 in Spellcasting
  9044 | D:7      | Reached skill level 5 in Ice Magic
  9381 | D:7      | Noticed Joseph
  9392 | D:7      | Killed Joseph
  9823 | D:7      | Found a stormy altar of Qazlal.
  9823 | D:7      | Found a basalt altar of Yredelemnul.
  9824 | D:7      | Found an ornate altar of the Wu Jian Council.
  9831 | D:7      | Found a burning altar of Makhleb.
  9877 | D:7      | Learned a level 4 spell: Summon Ice Beast
  9942 | D:8      | Reached skill level 1 in Summonings
  9943 | D:8      | Noticed Harold
 10199 | D:8      | Reached skill level 10 in Spellcasting
 10991 | D:8      | Reached skill level 5 in Fighting
 11038 | D:8      | Reached XP level 10. HP: 26/59 MP: 26/26
 11053 | D:8      | Slain by Harold

Skill      XL: |  1  2  3  4  5  6  7  8  9 |
---------------+----------------------------+-----
Conjurations   | 2 3 4 5 6 |  6.8
Spellcasting   | 4 5 6 8 10 | 10.2
Fire Magic     | 4 5 6 |  6.4
Fighting       | 2 4 5 |  5.0
Ice Magic      | 2 6 |  6.4
Summonings     | 3 |  3.0
Dodging        | |  2.9
Stealth        | |  2.4

Action                   |  1- 3 |  4- 6 |  7- 9 | 10-12 || total
-------------------------+-------+-------+-------+-------++-------
Melee: Unarmed           |     1 |     4 |    10 |       ||    15
       Whip              |       |       |    58 |       ||    58
Throw: Stone             |    55 |    15 |       |       ||    70
 Cast: Flame Tongue      |    58 |    73 |    96 |       ||   227
       Throw Flame       |     3 |    18 |    32 |       ||    53
       Conjure Flame     |     1 |     2 |     4 |       ||     7
       Sticky Flame      |       |     5 |    57 |     3 ||    65
       Throw Icicle      |       |       |     4 |       ||     4
       Fireball          |       |       |     3 |       ||     3
       Summon Ice Beast  |       |       |     1 |     2 ||     3
Invok: Divine Energy     |       |       |     1 |       ||     1
       Stop Divine Energ |       |       |     1 |       ||     1
  Use: Potion            |       |     5 |       |     1 ||     6
       Scroll            |       |       |    19 |     2 ||    21
 Stab: Sleeping          |       |       |     1 |       ||     1
  Eat: Chunk             |     1 |     7 |     9 |       ||    17
       Ration            |     1 |       |     5 |       ||     6
Armor: Robe              |    11 |    16 |       |       ||    27
       Leather armour    |       |     2 |    63 |       ||    65
Dodge: Dodged            |    32 |    65 |   127 |     1 ||   225
